 Dungeon Crawl Stone Soup version 0.28.0-53-g5a82cb258f (webtiles) character file.

Game seed: 13537848793452773927

109 safid the Chopper (level 4, -2/40 HPs)
             Began as a Hill Orc Fighter on Aug 15, 2022.
             Slain by an iguana (10 damage)
             ... on level 4 of the Dungeon.
             The game lasted 00:01:19 (1432 turns).

safid the Chopper (Hill Orc Fighter)                Turns: 1432, Time: 00:01:20

Health: -2/40      AC:  7    Str: 20    XL:     4   Next: 90%
Magic:  4/4        EV:  9    Int:  8    God:
Gold:   67         SH:  4    Dex: 10    Spells: 3/3 levels left

rFire   . . .      SeeInvis .   a - +0 war axe
rCold   . . .      Faith    .   c - +0 buckler
rNeg    . . .      Spirit   .   b - +0 scale mail
rPois   .          Reflect  .   (no helmet)
rElec   .          Harm     .   (no cloak)
rCorr   .          Rampage  .   (no gloves)
Will    .....                   (no boots)
Stlth   ..........              (no amulet)
HPRegen 0.13/turn               (no ring)
MPRegen 0.09/turn               (no ring)

@: lethally poisoned (-2 -> -2)
A: no striking features
a: no special abilities


You were on level 4 of the Dungeon.
You visited 1 branch of the dungeon, and saw 3 of its levels.

You collected 67 gold pieces.

Inventory:

Hand Weapons
 a - a +0 war axe (weapon)
Missiles
 m - 4 javelins (quivered)
Armour
 b - a +0 scale mail (worn)
 c - a +0 buckler (worn)
Scrolls
 g - a scroll of teleportation {unknown}
 h - 2 scrolls of identify {unknown}
 j - 2 scrolls of amnesia {unknown}
Potions
 d - a potion of might
 e - a potion of curing {unknown}
 f - a potion of ambrosia {unknown}
 i - a potion of heal wounds {unknown}
 k - a potion of resistance {unknown}
 l - a potion of mutation {unknown}


   Skills:
 - Level 4.0 Fighting
 + Level 5.0 Axes
 - Level 4.0 Armour
 - Level 4.0 Shields


You had 3 spell levels left.
You didn't know any spells.
Your spell library contained the following spells:

 Spells                   Type           Power      Damage    Failure   Level
 Beastly Appendage        Tmut           0%         N/A       85%         1
 Sandblast                Erth           0%         2d4       85%         1
 Passwall                 Tmut/Erth      0%         N/A       94%         2
 Wereblood                Tmut           0%         N/A       94%         2
 Spider Form              Tmut/Pois      0%         N/A       99%         3
 Stone Arrow              Conj/Erth      0%         3d7       99%         3


Dungeon Overview and Level Annotations

Branches:
Dungeon (2/15)

Altars:


Message History

The adder poisons you!
You barely miss the adder.
The adder is almost dead.
You slash the iguana!
You feel very sick. The adder bites you.
The iguana bites you but does no damage.
You are too injured to fight recklessly!
You are too injured to fight recklessly!
You are too injured to fight recklessly!
You are too injured to fight recklessly!
You are too injured to fight recklessly!
You are too injured to fight recklessly!
You are too injured to fight recklessly!
You are too injured to fight recklessly!
You are too injured to fight recklessly!
You are too injured to fight recklessly!
You are too injured to fight recklessly!
You are too injured to fight recklessly!
You are too injured to fight recklessly!
You are too injured to fight recklessly!
Unknown command.
You are too injured to fight recklessly!
Unknown command.
You closely miss the adder.
The adder is almost dead.
You closely miss the iguana.
You feel sick. The adder bites you but does no damage. The iguana bites you.
The adder barely misses you. The iguana bites you.
* * * LOW HITPOINT WARNING * * *
Unknown command.
You closely miss the adder.
The adder is almost dead.
You hit the iguana.
You feel sick. The adder barely misses you. The iguana closely misses you.
The adder barely misses you.
Unknown command.
You slash the adder!
You kill the adder!
You hit the iguana.
You feel sick. The iguana bites you!
You die...

##########
#........#
#........#
#..@.....#
#...l....#
#........#
..........#
..#........#
####........#
#......<.#
..>......#


You could see an iguana.

Vanquished Creatures
  Natasha (twice) (D:2)
  2 adders
  2 worms (D:2)
  4 dart slugs
  3 endoplasms
  3 giant cockroaches
  3 goblins
  3 hobgoblins (D:1)
  A jackal (D:2)
  3 kobolds (D:2)
  5 ball pythons
  A bat (D:1)
  3 frilled lizards (D:1)
  3 rats
38 creatures vanquished.

Vanquished Creatures (others)
  A fungus (D:2)
  6 plants (D:2)
7 creatures vanquished.

Grand Total: 45 creatures vanquished

Notes
Turn   | Place    | Note
-------+----------+-------------------------------------------
     0 | D:1      | safid the Hill Orc Fighter began the quest for the Orb.
     0 | D:1      | Reached XP level 1. HP: 19/19 MP: 1/1
   287 | D:1      | Reached XP level 2. HP: 27/27 MP: 2/2
   296 | D:1      | Reached skill level 3 in Axes
   624 | D:1      | Reached XP level 3. HP: 30/33 MP: 3/3
  1221 | D:2      | Noticed Natasha
  1224 | D:2      | Killed Natasha
  1225 | D:2      | Reached skill level 4 in Axes
  1225 | D:2      | Reached XP level 4. HP: 37/40 MP: 4/4
  1246 | D:2      | Found a faded altar of an unknown god.
  1287 | D:2      | Noticed Natasha
  1294 | D:2      | Killed Natasha
  1411 | D:2      | Reached skill level 5 in Axes
  1421 | D:2      | You fall into a shaft and drop 2 floors!
  1432 | D:4      | Slain by an iguana

Illustrated notes

Levels and vault maps discovered:
D:1:      onia_arrival_pyramid, layout_loops_ring
D:2:      cheibrodos_helix_gallery, layout_loops_cross,
          shapermc_ecumenical_altar_mp_ritualfount, minmay_bisected,
          uniq_natasha
D:4:      layout_rooms, uniq_blork_the_orc, uniq_pikel

Skill      XL: |  1  2  3  4 |
---------------+-------------+-----
Axes           | 3 4 5 |  5.0
Fighting       | 4 |  4.0
Armour         | 4 |  4.0
Shields        | 4 |  4.0

Action                   |  1- 3 |  4- 6 || total
-------------------------+-------+-------++-------
Melee: War axe           |    76 |    24 ||   100
Armor: Scale mail        |    37 |     7 ||    44
Dodge: Dodged            |    25 |    19 ||    44
Block: Buckler           |    18 |     3 ||    21
